 Dungeon Crawl Stone Soup version 0.32-a0-599-gba8f9cf90e (webtiles) character file.

Game seed: 15288503598556013858

30640 jasper the Grappler (level 13, -1/159 HPs)
             Began as a Demonspawn Cinder Acolyte on Mar 2, 2024.
             Was a Believer of Okawaru.
             Slain by a wyvern (3 damage)
             ... on level 4 of the Lair of Beasts.
             The game lasted 00:24:01 (16328 turns).

jasper the Grappler (Demonspawn Cinder Acolyte)    Turns: 16328, Time: 00:24:02

Health: -1/159     AC: 20    Str: 24    XL:     13   Next: 21%
Magic:  0/25       EV: 14    Int: 16    God:    Okawaru [**....]
Gold:   870        SH:  5    Dex: 12    Spells: 14/14 levels left

rFire   . .          .
                       - Unarmed
rCold   . . .        C - +0 buckler
rNeg    . . .        B - +1 swamp dragon scales
rPois   +            k - +2 hat
rElec   .            r - +2 cloak of Dush {rPois Int+2}
rCorr   .            (gloves unavailable)
SInv    .            l - +0 pair of boots
Will    .....        v - amulet of guardian spirit Stlth
                     N - +4 ring of protection
HPRegen 0.46/turn    f - ring "Faomoena" {rPois MP+9 Str+7 Int-2 Dex+2}
MPRegen 0.19/turn

%: guardian spirit
@: berserking, fire susceptible, very quick
A: claws 3, thin metallic scales 1, (demonic guardian 1), powered by pain 2
a: Renounce Religion, Heroism


You were on level 4 of the Lair of Beasts.
You worshipped Okawaru.
Okawaru was pleased with you.
You visited 2 branches of the dungeon, and saw 16 of its levels.
You also visited: Bailey and Gauntlet.

You collected 870 gold pieces.

Inventory:

Hand Weapons
 a - a +0 mace of flaming
 d - a +2 heavy whip
Missiles
 e - 108 stones
 h - 23 poisoned darts
 j - 18 javelins
 D - 7 curare-tipped darts
 J - 6 boomerangs (quivered)
Armour
 b - a +0 robe
 g - a +0 helmet
 k - a +2 hat (worn)
 l - a +0 pair of boots (worn)
 n - a +0 scale mail
 r - the +2 cloak of Dush (worn) {rPois Int+2}
   (You found it in a Gauntlet)

   Int+2:     It affects your intelligence (+2).
   rPois:     It protects you from poison.
 w - a scarf of harm
 B - +1 swamp dragon scales (worn)
 C - a +0 buckler (worn)
 W - +0 acid dragon scales
 Y - a +0 helmet
Jewellery
 f - the ring "Faomoena" (right claw) {rPois MP+9 Str+7 Int-2 Dex+2}
   (You acquired it in a bailey)

   [ring of magical power]

   Str+7:     It affects your strength (+7).
   Int-2:     It affects your intelligence (-2).
   Dex+2:     It affects your dexterity (+2).
   rPois:     It protects you from poison.
   MP+9:      It affects your magic capacity (+9).
 v - an amulet of guardian spirit (around neck)
 G - an amulet of magic regeneration
 H - a ring of flight
 I - a ring of fire
 N - a +4 ring of protection (left claw)
 O - a ring of protection from cold
 X - a ring of wizardry
Talismans
 y - a serpent talisman
Wands
 A - a wand of flame (8)
 P - a wand of digging (2)
 Q - a wand of mindburst (6)
 T - a wand of roots (6)
Scrolls
 c - 3 scrolls of poison
 s - 4 scrolls of teleportation
 z - 2 scrolls of fog
 F - 3 scrolls of revelation
 L - 2 scrolls of enchant weapon
 V - a scroll of identify
Potions
 i - 2 potions of enlightenment
 m - a potion of resistance
 q - 2 potions of brilliance
 t - 2 potions of might
 u - a potion of attraction
 E - 2 potions of ambrosia
 S - a potion of lignification
Miscellaneous
 o - a tin of tremorstones (2/2)
 R - a phial of floods


   Skills:
 + Level 11.1 Fighting
 - Level 3.2 Maces & Flails
 + Level 9.8 Dodging
 - Level 4.0 Shields
 * Level 14.6 Unarmed Combat
 - Level 1.0 Spellcasting
 - Level 2.6 Fire Magic
 - Level 4.4 Invocations


You had 14 spell levels left.
You didn't know any spells.
Your spell library contained the following spells:

 Spells                   Type           Power      Damage    Failure   Level
 Scorch                   Fire           18%        2d5       22%         2
 Magic Dart               Conj           0%         1d3       41%         1
 Sting                    Conj/Alch      0%         1d3       41%         1
 Searing Ray              Conj           0%         2d4       54%         2
 Hailstorm                Conj/Ice       0%         3d5       78%         3
 Stone Arrow              Conj/Erth      0%         3d7       78%         3
 Fulminant Prism          Conj/Alch      0%         3d5       99%         4
 Summon Ice Beast         Ice/Summ       Unusable   N/A       N/A         3
 Summon Forest            Summ/Tloc      Unusable   N/A       N/A         5
 Summon Mana Viper        Hex/Summ       Unusable   N/A       N/A         5
 Monstrous Menagerie      Summ           Unusable   N/A       N/A         7

Dungeon Overview and Level Annotations

Branches:
Dungeon (11/15)            Temple (0/1) D:7            Lair (5/5) D:10
  Snake (0/4) Lair:3       Bailey (visited)         Gauntlet (visited)
  Swamp: Lair:2-3    Shoals: Lair:2-3     Slime: Lair:4-5       Orc: D:9-12

Altars:
Ashenzari
Gozag
Okawaru
Qazlal

Shops:
D:1 :   D:8 =

Annotations:
D:5 3 runed translucent doors, croobank's ghost, novice OpSu; sdfx's ghost, amateur MDRe
D:9 exclusion: oklob sapling


Innate Abilities, Weirdness & Mutations

You have claws for hands.
You are partially covered in thin metallic scales. (AC +2)
((A weak demonic guardian rushes to your aid.))
You sometimes gain power by taking damage.


Message History

You are encased in ice.
You take 4 damage, and have 9/106 hp.
You now have 11/25 mp.
The ice encasing you melts away. The wyvern closely misses you.
Your surroundings suddenly seem different.
Found 15 gold pieces.
Found an escape hatch in the ceiling.
A wyvern comes into view.
The wyvern hisses angrily.
A catoblepas, a basilisk and 2 yaks come into view.
The basilisk hisses angrily.
The yak bellows! x2
A komodo dragon and 2 yaks come into view.
The yak bellows!
The catoblepas gores you!!
* * * LOW HITPOINT WARNING * * *
You focus on the pain.
You feel your power returning.
A yak comes into view. x2
You block the wyvern's attack.
You take 11 damage, and have 1/106 hp.
You now have 8/25 mp.
Unknown command.
Okay, then.
Okay, then.
Unknown command.
Okay, then.
A red film seems to cover your vision as you go berserk!
You feel yourself moving faster!
You feel mighty! You block the wyvern's attack. The catoblepas gores you!
* * * LOW HITPOINT WARNING * * *
You now have 1/159 hp.
You feel a strong urge to attack something.
The wyvern bites you but does no damage.
You block the catoblepas's attack.
The wyvern bites you but does no damage.
You eviscerate the basilisk!!!
The basilisk is almost dead.
Found a scroll of identify.
The wyvern attacks as it pursues you! The wyvern barely misses you.
The basilisk barely misses you.
You feel a strong urge to attack something.
The wyvern attacks as it pursues you! The wyvern bites you.
You die...

.$.###......# ##..
..........# #....
........P.## #....
.......###.##
#.....
............##...#
.............l..#
.............Y.##
.#.........#lk.#
.........Y.#@.ß#
#..........#...#
....YY.Y#....#
....Y...#...# ....
.......# ...##....
#.#? #.... ## #...


You could see a catoblepas, a komodo dragon, a basilisk and a wyvern.

Vanquished Creatures
  A reaper (Gauntlet)
  A minotaur (Gauntlet)
  A hydra (Lair:5)
  2 vault guards (Bailey)
  4 two-headed ogres
  Urug (D:11)
  4 death yaks (Lair:5)
  A soul eater (Gauntlet)
  A lindwurm (Lair:5)
  A cyclops (D:11)
  2 black mambas (Lair:5)
  2 molten gargoyles (D:11)
  7 cane toads
  Maggie (D:6)
  3 rime drakes
  6 komodo dragons
  A troll (D:11)
  2 polar bears (Lair:2)
  A hornet (D:9)
  4 blink frogs (Lair:1)
  Prince Ribbit (Bailey)
  3 dream sheep (Lair:5)
  A shadow (D:9)
  A vampire (D:10)
  A wyvern (Lair:2)
  9 humans
  17 yaks
  2 fire elementals (Lair:5)
  2 steam dragons
  An acid dragon (D:11)
  22 water moccasins
  Duvessa (D:6)
  2 black bears
  5 orc warriors
  An ice beast (D:8)
  2 sky beasts
  8 wolves
  3 centaurs
  3 kobold brigands
  A phantom (D:5)
  A gnoll sergeant (D:9)
  15 bullfrogs
  2 scorpions
  5 wights (D:8)
  Dowan (D:6)
  4 jellies
  9 killer bees
  5 howler monkeys
  2 electric eels (Lair:1)
  2 bombardier beetles (D:4)
  5 lava snakes (D:11)
  5 hounds
  8 orc priests
  Jessica (D:3)
  5 hell rats (Lair:2)
  2 iguanas
  Natasha (thrice) (D:4)
  11 orc wizards
  Robin (D:3)
  7 gnolls
  20 adders
  7 shadow imps
  3 dart slugs
  3 ribbon worms
  27 orcs
  17 ball pythons
  6 endoplasms
  2 giant cockroaches
  20 goblins
  13 hobgoblins
  2 jackals (D:9)
  22 kobolds
  7 quokkas
  4 bats
  2 frilled lizards
  5 rats
386 creatures vanquished.

Vanquished Creatures (collateral kills)
  A yak (D:10)
  An orc priest (D:6)
  A jackal (D:9)
3 creatures vanquished.

Vanquished Creatures (others)
  A yak (Lair:5)
  An orc wizard (D:5)
2 creatures vanquished.

Grand Total: 391 creatures vanquished

Notes
Turn   | Place    | Note
-------+----------+-------------------------------------------
     0 | D:1      | jasper the Demonspawn Cinder Acolyte began the quest for
                  | the Orb.
     0 | D:1      | Reached XP level 1. HP: 18/18 MP: 2/2
    69 | D:1      | Gained mutation: You have sharp fingernails. [demonic
                  | ancestry]
    69 | D:1      | Reached XP level 2. HP: 4/24 MP: 3/3
   229 | D:1      | Reached skill level 1 in Unarmed Combat
   565 | D:1      | Reached XP level 3. HP: 29/29 MP: 4/4
   657 | D:1      | Reached skill level 2 in Unarmed Combat
   788 | D:1      | Found Teotowo's Book Boutique.
  1192 | D:2      | Found a faded altar of an unknown god.
  1698 | D:2      | Gained mutation: You sometimes gain a little power by
                  | taking damage. [demonic ancestry]
  1698 | D:2      | Reached XP level 4. HP: 35/35 MP: 5/5
  1884 | D:3      | Noticed Robin
  1892 | D:3      | Reached skill level 3 in Unarmed Combat
  1898 | D:3      | Killed Robin
  2277 | D:3      | Noticed Jessica
  2285 | D:3      | Killed Jessica
  2286 | D:3      | Reached skill level 4 in Unarmed Combat
  2286 | D:3      | Reached XP level 5. HP: 37/41 MP: 6/6
  2449 | D:3      | Found an opulent altar of Gozag.
  2547 | D:3      | Found a broken altar of Ashenzari.
  2729 | D:4      | Noticed Natasha
  2739 | D:4      | Killed Natasha
  3160 | D:4      | Noticed Natasha
  3164 | D:4      | Killed Natasha
  3165 | D:4      | Reached skill level 5 in Unarmed Combat
  3181 | D:4      | Noticed Natasha
  3198 | D:4      | Killed Natasha
  3199 | D:4      | Gained mutation: You have very sharp fingernails. [demonic
                  | ancestry]
  3199 | D:4      | Reached XP level 6. HP: 29/47 MP: 7/7
  3490 | D:5      | Entered Level 5 of the Dungeon
  3748 | D:5      | Reached skill level 1 in Dodging
  3789 | D:5      | Found a runed translucent gate.
  3834 | D:5      | Reached XP level 7. HP: 50/52 MP: 8/8
  3842 | D:5      | Reached skill level 6 in Unarmed Combat
  4140 | D:5      | Found a runed translucent gate.
  4140 | D:5      | Found a runed translucent gate.
  4142 | D:5      | Noticed croobank's ghost (novice OpSu)
  4142 | D:5      | Noticed sdfx's ghost (amateur MDRe)
  4495 | D:6      | Noticed Maggie
  4513 | D:6      | Killed Maggie
  4754 | D:6      | Noticed Duvessa
  4755 | D:6      | Noticed Dowan
  4766 | D:6      | Killed Duvessa
  4767 | D:6      | Gained mutation: A weak demonic guardian rushes to your
                  | aid. [demonic ancestry]
  4767 | D:6      | Reached XP level 8. HP: 36/61 MP: 9/9
  4771 | D:6      | Killed Dowan
  4772 | D:6      | Reached skill level 7 in Unarmed Combat
  4891 | D:6      | Reached skill level 5 in Fighting
  5136 | D:6      | Reached skill level 1 in Shields
  6015 | D:7      | Gained mutation: You have claws for hands. [demonic
                  | ancestry]
  6015 | D:7      | Reached XP level 9. HP: 65/68 MP: 8/10
  6059 | D:7      | Found a staircase to the Ecumenical Temple.
  6162 | D:7      | Reached skill level 8 in Unarmed Combat
  6863 | D:8      | Found Exkimnih's Jewellery Shop.
  7030 | D:8      | Reached skill level 9 in Unarmed Combat
  7280 | D:8      | Reached skill level 5 in Dodging
  7681 | D:8      | Found a stormy altar of Qazlal.
  8016 | D:9      | Noticed a two-headed ogre
  8029 | D:9      | Killed a two-headed ogre
  8030 | D:9      | Reached XP level 10. HP: 15/79 MP: 3/11
  8114 | D:9      | Reached skill level 10 in Unarmed Combat
  8128 | D:9      | Found a flagged portal.
  8153 | Bailey   | Entered a bailey
  8753 | Bailey   | Noticed a vault guard
  8753 | Bailey   | Noticed Prince Ribbit
  8778 | Bailey   | Killed Prince Ribbit
  8789 | Bailey   | Killed a vault guard
  8790 | Bailey   | Reached skill level 11 in Unarmed Combat
  9043 | Bailey   | Identified a scroll of acquirement
  9043 | Bailey   | Acquired the ring "Faomoena" {rPois MP+9 Str+7 Int-2 Dex+2}
  9112 | Bailey   | Noticed a vault guard
  9128 | Bailey   | Killed a vault guard
  9259 | Bailey   | Gained mutation: You are partially covered in thin metallic
                  | scales. (AC +2) [demonic ancestry]
  9259 | Bailey   | Reached XP level 11. HP: 83/86 MP: 12/12
  9436 | D:9      | Noticed a two-headed ogre
  9450 | D:9      | Killed a two-headed ogre
  9991 | D:9      | Got the Parchment of Nature
 10061 | D:10     | Entered Level 10 of the Dungeon
 10454 | D:10     | Found an iron altar of Okawaru.
 10546 | D:10     | Found a staircase to the Lair.
 10988 | D:11     | Noticed Urug
 11019 | D:11     | Killed Urug
 11041 | D:11     | Reached skill level 12 in Unarmed Combat
 11178 | D:11     | Found a gate leading to a gauntlet.
 11182 | Gauntlet | Entered a Gauntlet
 11182 | Gauntlet | Noticed a soul eater
 11182 | Gauntlet | Found a transporter.
 11182 | Gauntlet | Found a runed translucent door.
 11182 | Gauntlet | Found a transporter.
 11222 | Gauntlet | Found a transporter.
 11233 | Gauntlet | Noticed a large abomination
 11235 | Gauntlet | Found a runed translucent door.
 11237 | Gauntlet | Found a transporter.
 11244 | Gauntlet | Found the +3 Elemental Staff {ele, rElec rF+ rC+ AC+3}
 11254 | Gauntlet | Found a transporter.
 11254 | Gauntlet | Found a transporter.
 11254 | Gauntlet | Found a transporter.
 11257 | Gauntlet | Found a transporter.
 11257 | Gauntlet | Found a transporter.
 11259 | Gauntlet | Noticed a reaper
 11269 | Gauntlet | Found a transporter.
 11286 | Gauntlet | Noticed a hell hog
 11287 | Gauntlet | Found a transporter.
 11297 | Gauntlet | Found a transporter.
 11300 | Gauntlet | Noticed a catoblepas
 11314 | Gauntlet | Found a transporter.
 11332 | Gauntlet | Found a transporter.
 11341 | Gauntlet | Found a runed translucent door.
 11405 | Gauntlet | Killed a soul eater
 11407 | Gauntlet | Identified the +2 cloak of Dush {rPois Int+2}
 11928 | Gauntlet | Killed a reaper
 12149 | Gauntlet | Noticed a minotaur
 12157 | Gauntlet | Killed a minotaur
 12416 | D:11     | Noticed a two-headed ogre
 12428 | D:11     | Killed a two-headed ogre
 12874 | D:11     | Gained mutation: You sometimes gain power by taking damage.
                  | [demonic ancestry]
 12874 | D:11     | Reached XP level 12. HP: 85/97 MP: 13/13
 13163 | D:11     | Noticed a two-headed ogre
 13170 | D:11     | Killed a two-headed ogre
 13171 | D:11     | Reached skill level 13 in Unarmed Combat
 13493 | Lair:1   | Entered Level 1 of the Lair of Beasts
 13650 | D:10     | Reached skill level 10 in Fighting
 14363 | Lair:1   | Reached skill level 14 in Unarmed Combat
 14632 | Lair:1   | Identified the +7 quarterstaff of Ignis's Condemnation
                  | {vamp, rC+ Will+}
 15488 | D:10     | Fell from the grace of Ignis
 15488 | D:10     | Became a worshipper of Warmaster Okawaru
 15859 | Lair:2   | You fall into a shaft and drop 1 floor!
 15859 | Lair:3   | Found a staircase to the Snake Pit.
 15869 | Lair:3   | Reached * piety under Okawaru
 15898 | Lair:3   | You fall into a shaft and drop 2 floors!
 15898 | Lair:5   | Entered Level 5 of the Lair of Beasts
 16021 | Lair:5   | Noticed a seven-headed hydra
 16039 | Lair:5   | Killed an 11-headed hydra
 16040 | Lair:5   | Reached XP level 13. HP: 51/105 MP: 10/14
 16289 | Lair:5   | Reached ** piety under Okawaru
 16301 | Lair:5   | HP: 3/106 [cane toad (41)]
 16323 | Lair:4   | HP: 1/106 [catoblepas (12)]
 16328 | Lair:4   | Slain by a wyvern

Illustrated notes

Levels and vault maps discovered:
D:1:      minmay_arrival_plants_in_alcoves, layout_basic, serial_shops,
          nicolae_book_shop_shelving, minmay_cupped
D:2:      layout_basic, shapermc_ecumenical_altar_acropolis
D:3:      layout_rooms, mainiacjoe_overflow_surrounded_room,
          nicolae_overflow_hidden_temple, tso_altar, uniq_jessica, uniq_robin
D:4:      layout_loops_ring, uniq_natasha
D:5:      layout_basic, gammafunk_ghost_cemetery, chequers_serial_rivers_micro_a
D:6:      layout_gridville, kennysheep_another_room, uniq_maggie, uniq_duvessa
D:7:      layout_cave_pods, minmay_temple_entry_large_hall,
          chequers_serial_rivers_marsh, amcnicky_mini_rare_corridor_liquid
D:8:      layout_loops_ring, mainiacjoe_overflow_small_starburst,
          elyvilon_altar_1, serial_shops, shop, minmay_liquid_box,
          amcnicky_mini_corridor_feature
D:9:      layout_basic, enter_bailey_5, introduction_to_nature_2
D:10:     layout_irregular_city, okawaru_humans, david_lair_shrubbed,
          nicolae_titane
D:11:     cheibrodos_magma_flow, layout_loops_ring, gauntlet_entry_generic,
          uniq_urug
Lair:1:   lemuel_reptile_caves, layout_concentric_octagons,
          chequers_serial_rivers_marsh, grunt_megastairs_3,
          serial_bayou_shore_a, infiniplex_staircase_pool_2
Lair:2:   layout_roguey, minmay_swamp_entry_worms, ebering_ghost_disaster_area
Lair:3:   layout_misc_corridors, dummy_snake_entry
Lair:4:   layout_cave_pods, slime_entry_1, grunt_megastairs_5,
          infiniplex_staircase_pool
Lair:5:   wormcave, layout_small_grid, hangedman_lair_in_review,
          portal_ice_cave_rime, lemuel_fruit_fields

Skill      XL: |  1  2  3  4  5  6  7  8  9 10 11 12 13 |
---------------+----------------------------------------+-----
Maces & Flails | 3 |  3.2
Unarmed Combat | 1 2 4 5 6 7 9 11 12 14 | 14.6
Dodging        | 1 2 3 5 6 8 9 |  9.8
Fighting       | 4 5 7 8 9 10 11 | 11.1
Shields        | 4 |  4.0
Invocations    | 2 4 |  4.4
Spellcasting   | |  1.0
Fire Magic     | |  2.6

Action                     |  1- 3 |  4- 6 |  7- 9 | 10-12 | 13-15 || total
---------------------------+-------+-------+-------+-------+-------++-------
  Melee: Mace              |    21 |       |       |       |       ||    21
         Whip              |    80 |       |       |       |       ||    80
         Unarmed           |    49 |   207 |   365 |   752 |    61 ||  1434
         Punch             |       |     8 |     9 |       |       ||    17
  Throw: Stone             |     1 |     2 |     8 |       |       ||    11
         Boomerang         |       |       |       |    17 |       ||    17
         Dart              |       |       |       |     1 |       ||     1
 Invoke: Fiery Armour      |     2 |     2 |     2 |     7 |       ||    13
         Heroism           |       |       |       |     1 |     3 ||     4
  Evoke: Wand              |       |       |     1 |    17 |       ||    18
    Use: Scroll            |       |     8 |     8 |    12 |     6 ||    34
         Potion            |       |       |     2 |    15 |     3 ||    20
   Stab: Invisible         |       |       |     2 |     4 |       ||     6
         Distracted        |       |       |       |     1 |       ||     1
 Armour: Robe              |    66 |       |       |       |       ||    66
         Scale mail        |    22 |   129 |    15 |       |       ||   166
         Skin              |     5 |       |       |    16 |       ||    21
         Swamp dragon scal |       |       |   198 |   515 |    34 ||   747
  Dodge: Dodged            |    92 |    86 |   157 |   460 |    27 ||   822
  Block: Buckler           |       |       |    49 |   182 |    13 ||   244

Table legend: (Time is in decaauts)
 A = Elapsed time spent in this place.
 B = Non-inter-level travel time spent in this place.
 C = Inter-level travel time spent in this place.
 D = Time resting spent in this place.
 E = Time spent auto-exploring this place.
 F = Levels seen in this place.
 G = Mean time per level.
                   A        B        C        D        E       F      G
               +--------+--------+--------+--------+--------+-----+--------+
         Total |  16057 |  15511 |    546 |   2836 |   9356 |  18 |  892.1 |
       Dungeon |  11608 |  11163 |    445 |   1078 |   7773 |  11 | 1055.3 |
          Lair |   2384 |   2283 |    101 |    592 |   1099 |   5 |  476.8 |
        Bailey |   1097 |   1097 |      0 |    518 |    318 |   1 | 1097.0 |
      Gauntlet |    968 |    968 |      0 |    648 |    166 |   1 |  968.0 |
               +--------+--------+--------+--------+--------+-----+--------+

Top non-repeatable levels by time:
  Lair:1: 1831 daAuts
    D:11: 1460 daAuts
    D:10: 1288 daAuts
     D:6: 1228 daAuts
     D:8: 1168 daAuts
     D:7: 1148 daAuts
  Bailey: 1097 daAuts
Gauntlet: 968 daAuts
     D:2: 933 daAuts
     D:5: 924 daAuts
     D:1: 911 daAuts
     D:9: 908 daAuts
     D:4: 853 daAuts
     D:3: 780 daAuts
  Lair:5: 389 daAuts
